TOP OF THE 1ST |
Salem-Keizer Volcanoes batting - Pitching for Batavia Muckdogs : RHP Gabe Behrend
|
Pitching: RHP Gabe Behrend
|
|
Batting: RHB Gabe Ochoa
|
0-0: Fly out, F9 (Flyball, 9LM, EV 98.1 MPH)
|
Batting: LHB Gil Caraveo
|
0-0: Ball 1-0: Ball 2-0: Swinging Strike 2-1: Ground out 4-3 (Groundball, 4, EV 79.4 MPH)
|
Batting: LHB Al Hernandez
|
0-0: Called Strike 0-1: Ball 1-1: Foul Ball, location: 2F 1-2: Ball 2-2: Fly out, F8 (Line Drive, 8RM, EV 94.4 MPH)
|
Top of the 1st over - 0 runs, 0 hits, 0 errors, 0 left on base; Salem-Keizer 0 - Batavia 0 |
BOTTOM OF THE 1ST |
Batavia Muckdogs batting - Pitching for Salem-Keizer Volcanoes : LHP Matt Bagnall
|
Pitching: LHP Matt Bagnall
|
|
Batting: RHB Calvin Morin
|
0-0: Called Strike 0-1: Ball 1-1: Swinging Strike 1-2: Ball 2-2: Strikes out swinging
|
Batting: LHB David Doge
|
0-0: Called Strike 0-1: Fly out, F3 (Flyball, 3D, EV 98.1 MPH)
|
Batting: RHB Jim Fisher
|
0-0: Ball 1-0: Ground out 4-3 (Groundball, 13, EV 90.6 MPH)
|
Bottom of the 1st over - 0 runs, 0 hits, 0 errors, 0 left on base; Salem-Keizer 0 - Batavia 0 |
TOP OF THE 2ND |
Salem-Keizer Volcanoes batting - Pitching for Batavia Muckdogs : RHP Gabe Behrend
|
Batting: LHB Pat Aviles
|
0-0: Ground out 4-3 (Groundball, 4, EV 86.9 MPH)
|
Batting: RHB Sam Smith
|
0-0: DOUBLE (Line Drive, 8LXD, EV 100.0 MPH)
|
Batting: RHB Jason Gregor
|
0-0: Fly out, F9 (Flyball, 9S, EV 83.8 MPH)
|
Batting: RHB Dinand Brouwer
|
0-0: Ball 1-0: Ball 2-0: Foul Ball, location: 2F 2-1: Ball 3-1: Called Strike 3-2: Foul Ball, location: 2F 3-2: Foul Ball, location: 2F 3-2: Strikes out swinging
|
Top of the 2nd over - 0 runs, 1 hit, 0 errors, 1 left on base; Salem-Keizer 0 - Batavia 0 |
BOTTOM OF THE 2ND |
Batavia Muckdogs batting - Pitching for Salem-Keizer Volcanoes : LHP Matt Bagnall
|
Batting: RHB Len Graham
|
0-0: Ball 1-0: Swinging Strike 1-1: Called Strike 1-2: Strikes out swinging
|
Batting: LHB Ryan Thompson
|
0-0: Ball 1-0: Ball 2-0: Called Strike 2-1: Called Strike 2-2: Strikes out swinging
|
Batting: RHB Nate Crofts
|
0-0: Ball 1-0: Swinging Strike 1-1: Called Strike 1-2: Foul Ball, location: 2F 1-2: Strikes out looking
|
Bottom of the 2nd over - 0 runs, 0 hits, 0 errors, 0 left on base; Salem-Keizer 0 - Batavia 0 |
TOP OF THE 3RD |
Salem-Keizer Volcanoes batting - Pitching for Batavia Muckdogs : RHP Gabe Behrend
|
Batting: RHB Willie Sanchez
|
0-0: SINGLE (Groundball, 56D, EV 95.0 MPH)
|
Batting: RHB Ryan Johnston
|
0-0: Called Strike 0-1: Ball Passed Ball! Willie Sanchez to second 1-1: Ball 2-1: Reached on error, E4 (Groundball, 4S, EV 88.8 MPH) Willie Sanchez scores
|
Batting: RHB Gabe Ochoa
|
0-0: Ball 1-0: Swinging Strike 1-1: Ball 2-1: Foul Ball, location: 2F 2-2: Strikes out looking
|
Pitching: RHP Ryan Babbitt
|
|
Batting: LHB Gil Caraveo
|
0-0: Called Strike 0-1: Fly out, F3 (Popup, 3F, EV 67.5 MPH)
|
Batting: LHB Al Hernandez
|
0-0: Called Strike 0-1: Ball 1-1: Foul Ball, location: 2F 1-2: Ball Wild Pitch! Ryan Johnston to third 2-2: SINGLE (Flyball, 89S, EV 96.9 MPH) Ryan Johnston scores
|
Batting: LHB Pat Aviles
|
0-0: Ball 1-0: Ball 2-0: Called Strike 2-1: Swinging Strike 2-2: Foul Ball, location: 2F 2-2: Ball 3-2: Base on Balls Al Hernandez to second
|
Batting: RHB Sam Smith
|
0-0: Called Strike 0-1: Ball 1-1: Ground out U3 (Groundball, 34, EV 78.8 MPH)
|
Top of the 3rd over - 2 runs, 2 hits, 1 error, 2 left on base; Salem-Keizer 2 - Batavia 0 |
BOTTOM OF THE 3RD |
Batavia Muckdogs batting - Pitching for Salem-Keizer Volcanoes : LHP Matt Bagnall
|
Batting: RHB Jeremy Dennis
|
0-0: Ball 1-0: Called Strike 1-1: Swinging Strike 1-2: Ball 2-2: Ball 3-2: Base on Balls
|
Batting: RHB Jose Trevino
|
0-0: Fielders Choice at 2nd, 6-4 (Groundball, 6, EV 91.9 MPH)
|
Batting: LHB Emilio Montalvo
|
0-0: Grounds into double play, 4-6-3 (Groundball, 4D, EV 88.1 MPH)
|
Bottom of the 3rd over - 0 runs, 0 hits, 0 errors, 0 left on base; Salem-Keizer 2 - Batavia 0 |
TOP OF THE 4TH |
Salem-Keizer Volcanoes batting - Pitching for Batavia Muckdogs : RHP Ryan Babbitt
|
Batting: RHB Jason Gregor
|
0-0: Fly out, F8 (Flyball, 8RM, EV 91.9 MPH)
|
Pitching: RHP Scott Feltham
|
|
Batting: RHB Dinand Brouwer
|
0-0: Ball 1-0: Ground out 5-3 (Groundball, 56, EV 78.8 MPH)
|
Batting: RHB Willie Sanchez
|
0-0: SINGLE (Groundball, 34D, EV 106.2 MPH)
|
Batting: RHB Ryan Johnston
|
0-0: Foul Ball, location: 2F 0-1: Ball 1-1: SINGLE (Groundball, 5D, EV 94.4 MPH) Willie Sanchez to second
|
Batting: RHB Gabe Ochoa
|
0-0: Ball 1-0: Ground out 1-3 (Groundball, 13S, EV 65.6 MPH)
|
Top of the 4th over - 0 runs, 2 hits, 0 errors, 2 left on base; Salem-Keizer 2 - Batavia 0 |
BOTTOM OF THE 4TH |
Batavia Muckdogs batting - Pitching for Salem-Keizer Volcanoes : LHP Matt Bagnall
|
Batting: RHB Calvin Morin
|
0-0: Swinging Strike 0-1: Ball 1-1: Ball 2-1: Ball 3-1: Swinging Strike 3-2: Foul Ball, location: 2F 3-2: Strikes out swinging
|
Batting: LHB David Doge
|
0-0: Ball 1-0: Called Strike 1-1: Ball 2-1: Foul Ball, location: 2F 2-2: Strikes out swinging
|
Batting: RHB Jim Fisher
|
0-0: DOUBLE (Line Drive, 7LM, EV 106.9 MPH)
|
Batting: RHB Len Graham
|
0-0: Ball 1-0: Called Strike 1-1: Ball 2-1: Fly out, F8 (Flyball, 8LD, EV 90.6 MPH)
|
Bottom of the 4th over - 0 runs, 1 hit, 0 errors, 1 left on base; Salem-Keizer 2 - Batavia 0 |
TOP OF THE 5TH |
Salem-Keizer Volcanoes batting - Pitching for Batavia Muckdogs : RHP Scott Feltham
|
Batting: LHB Gil Caraveo
|
0-0: Ball 1-0: Ball 2-0: SINGLE (Groundball, 4MD, EV 101.2 MPH)
|
Batting: LHB Al Hernandez
|
0-0: Grounds into double play, 4-6-3 (Groundball, 34, EV 91.2 MPH)
|
Batting: LHB Pat Aviles
|
0-0: Called Strike 0-1: Foul Ball, location: 2F 0-2: Fly out, F7 (Line Drive, 78M, EV 92.5 MPH)
|
Top of the 5th over - 0 runs, 1 hit, 0 errors, 0 left on base; Salem-Keizer 2 - Batavia 0 |
BOTTOM OF THE 5TH |
Batavia Muckdogs batting - Pitching for Salem-Keizer Volcanoes : LHP Matt Bagnall
|
Batting: LHB Ryan Thompson
|
0-0: Swinging Strike 0-1: Fly out, F9 (Flyball, 89S, EV 80.6 MPH)
|
Batting: RHB Nate Crofts
|
0-0: Called Strike 0-1: Called Strike 0-2: Ball 1-2: Strikes out swinging
|
Batting: RHB Jeremy Dennis
|
0-0: Ball 1-0: Ball 2-0: Called Strike 2-1: Ball 3-1: Base on Balls
|
Batting: RHB Jose Trevino
|
0-0: Called Strike 0-1: Ball 1-1: Ball 2-1: Swinging Strike 2-2: Fly out, F8 (Flyball, 8LD, EV 86.2 MPH)
|
Bottom of the 5th over - 0 runs, 0 hits, 0 errors, 1 left on base; Salem-Keizer 2 - Batavia 0 |
TOP OF THE 6TH |
Salem-Keizer Volcanoes batting - Pitching for Batavia Muckdogs : RHP Scott Feltham
|
Batting: RHB Sam Smith
|
0-0: Called Strike 0-1: Ball 1-1: SINGLE (Groundball, 6MD, EV 101.2 MPH)
|
Pitching: RHP Alex Garza
|
|
Batting: RHB Jason Gregor
|
0-0: Ball 1-0: Swinging Strike 1-1: Called Strike 1-2: Ball 2-2: Foul Ball, location: 2F 2-2: SINGLE (Line Drive, 78M, EV 111.2 MPH) Sam Smith to second
|
Batting: RHB Dinand Brouwer
|
0-0: Foul Ball, location: 2F 0-1: Called Strike 0-2: Ball 1-2: Foul Ball, location: 2F 1-2: Foul Ball, location: 2F 1-2: Strikes out swinging
|
Batting: RHB Willie Sanchez
|
0-0: TRIPLE (Flyball, 89XD, EV 101.2 MPH) Sam Smith scores Jason Gregor scores
|
Batting: RHB Ryan Johnston
|
0-0: Swinging Strike 0-1: Ball 1-1: Ground out 4-3 (Groundball, 4, EV 84.4 MPH) Willie Sanchez scores
|
Batting: RHB Gabe Ochoa
|
0-0: SINGLE (Groundball, 56D, EV 111.9 MPH)
|
Batting: LHB Gil Caraveo
|
0-0: Called Strike 0-1: Called Strike 0-2: Ball 1-2: Foul Ball, location: 2F 1-2: Strikes out swinging
|
Top of the 6th over - 3 runs, 4 hits, 0 errors, 1 left on base; Salem-Keizer 5 - Batavia 0 |
BOTTOM OF THE 6TH |
Batavia Muckdogs batting - Pitching for Salem-Keizer Volcanoes : LHP Matt Bagnall
|
Batting: LHB Emilio Montalvo
|
0-0: Ball 1-0: Ball 2-0: Swinging Strike 2-1: Swinging Strike 2-2: Strikes out looking
|
Batting: RHB Calvin Morin
|
0-0: Called Strike 0-1: Ball 1-1: SINGLE (Line Drive, 8LS, EV 93.1 MPH)
|
Batting: LHB David Doge
|
0-0: Ball 1-0: Foul Ball, location: 2F 1-1: Swinging Strike 1-2: Foul Ball, location: 2F 1-2: Foul Ball, location: 2F 1-2: Foul Ball, location: 2F 1-2: Foul Ball, location: 2F 1-2: Foul Ball, location: 2F 1-2: Ball 2-2: Foul Ball, location: 2F 2-2: Fly out, F8 (Flyball, 8LD, EV 101.9 MPH)
|
Batting: RHB Jim Fisher
|
0-0: Called Strike 0-1: Ball 1-1: Swinging Strike 1-2: Fly out, F3 (Line Drive, 3, EV 72.5 MPH)
|
Bottom of the 6th over - 0 runs, 1 hit, 0 errors, 1 left on base; Salem-Keizer 5 - Batavia 0 |
TOP OF THE 7TH |
Salem-Keizer Volcanoes batting - Pitching for Batavia Muckdogs : RHP Alex Garza
|
Pitching: RHP Giampaolo Nobile
|
|
Batting: LHB Al Hernandez
|
0-0: Ball 1-0: Ball 2-0: Ground out 6-3 (Groundball, 6, EV 89.4 MPH)
|
Batting: LHB Pat Aviles
|
0-0: TRIPLE (Line Drive, 89XD, EV 105.6 MPH)
|
Batting: RHB Sam Smith
|
0-0: Ball 1-0: Called Strike 1-1: SINGLE (Flyball, 56D, EV 90.6 MPH) Pat Aviles scores
|
Batting: RHB Jason Gregor
|
0-0: Ball 1-0: Swinging Strike 1-1: Swinging Strike 1-2: Ball 2-2: Foul Ball, location: 2F 2-2: Strikes out swinging
|
Batting: RHB Dinand Brouwer
|
0-0: Swinging Strike 0-1: Ball 1-1: Swinging Strike 1-2: DOUBLE (Line Drive, 7LS, EV 108.1 MPH) Sam Smith to third Runner from 3rd tries for Home, SAFE, no throw by LF
|
Batting: RHB Willie Sanchez
|
0-0: Swinging Strike 0-1: Ball 1-1: Ball 2-1: Foul Ball, location: 2F 2-2: Ball 3-2: Strikes out swinging
|
Top of the 7th over - 2 runs, 3 hits, 0 errors, 1 left on base; Salem-Keizer 7 - Batavia 0 |
BOTTOM OF THE 7TH |
Batavia Muckdogs batting - Pitching for Salem-Keizer Volcanoes : LHP Matt Bagnall
|
Pitching: RHP Chase Joy
|
|
Batting: RHB Len Graham
|
0-0: Swinging Strike 0-1: Ball 1-1: Foul Ball, location: 2F 1-2: Strikes out swinging
|
Batting: LHB Ryan Thompson
|
0-0: Foul Ball, location: 2F 0-1: Ball 1-1: Ball 2-1: Fly out, F9 (Flyball, 9D, EV 98.1 MPH)
|
Batting: RHB Nate Crofts
|
0-0: Ball 1-0: Called Strike 1-1: Swinging Strike 1-2: Strikes out swinging
|
Bottom of the 7th over - 0 runs, 0 hits, 0 errors, 0 left on base; Salem-Keizer 7 - Batavia 0 |
TOP OF THE 8TH |
Salem-Keizer Volcanoes batting - Pitching for Batavia Muckdogs : RHP Giampaolo Nobile
|
Batting: RHB Ryan Johnston
|
0-0: Ball 1-0: Ball 2-0: SINGLE (Flyball, 56D, EV 85.0 MPH)
|
Batting: RHB Gabe Ochoa
|
0-0: Ball 1-0: Foul Ball, location: 2F 1-1: Foul Ball, location: 2F 1-2: Ball 2-2: Grounds into double play, 1-6-3 (Groundball, 34S, EV 68.8 MPH)
|
Batting: LHB Gil Caraveo
|
0-0: Called Strike 0-1: Called Strike 0-2: Strikes out swinging
|
Top of the 8th over - 0 runs, 1 hit, 0 errors, 0 left on base; Salem-Keizer 7 - Batavia 0 |
BOTTOM OF THE 8TH |
Batavia Muckdogs batting - Pitching for Salem-Keizer Volcanoes : RHP Chase Joy
|
Pinch Hitting: LHB Andrew van Dongen
|
0-0: Ball 1-0: Called Strike 1-1: Foul Ball, location: 2F 1-2: Ball 2-2: Ball 3-2: Foul Ball, location: 2F 3-2: Strikes out swinging
|
Pinch Hitting: LHB Carlos Mosqueda
|
0-0: Ball 1-0: Ball 2-0: Fly out, F7 (Flyball, 7LS, EV 92.5 MPH)
|
Batting: LHB Emilio Montalvo
|
0-0: Ball 1-0: Called Strike 1-1: Ball 2-1: Swinging Strike 2-2: SINGLE (Groundball, 3D, EV 115.0 MPH)
|
Batting: RHB Calvin Morin
|
0-0: Called Strike 0-1: Called Strike 0-2: Foul Ball, location: 2F 0-2: Foul Ball, location: 2F 0-2: Ball 1-2: Ground out 2-3 (Groundball, 15S, EV 62.5 MPH)
|
Bottom of the 8th over - 0 runs, 1 hit, 0 errors, 1 left on base; Salem-Keizer 7 - Batavia 0 |
TOP OF THE 9TH |
Salem-Keizer Volcanoes batting - Pitching for Batavia Muckdogs : RHP Giampaolo Nobile
|
Now at 2B: Len Graham
|
|
Now at 3B: Shelby Peddle
|
|
Now at SS: J.J. Barajas
|
|
Pinch Hitting: LHB Ryan Anderson
|
0-0: Called Strike 0-1: Ball 1-1: Ball 2-1: SINGLE (Groundball, 4M, EV 104.4 MPH)
|
Batting: LHB Pat Aviles
|
0-0: Foul Ball, location: 2F 0-1: Foul Ball, location: 2F 0-2: Foul Ball, location: 2F 0-2: Ball 1-2: SINGLE (Groundball, 6M, EV 107.5 MPH) (infield hit) Ryan Anderson to second
|
Batting: RHB Sam Smith
|
0-0: Ball 1-0: Called Strike Balk! Ryan Anderson to third Pat Aviles to second 1-1: Ball 2-1: Ball 3-1: Called Strike 3-2: Strikes out swinging
|
Batting: RHB Jason Gregor
|
0-0: Called Strike 0-1: Foul Ball, location: 2F 0-2: Strikes out swinging
|
Batting: RHB Dinand Brouwer
|
0-0: Foul Ball, location: 2F 0-1: Ball Wild Pitch! Ryan Anderson scores Pat Aviles to third 1-1: Ball 2-1: SINGLE (Groundball, 56D, EV 107.5 MPH) Pat Aviles scores
|
Batting: RHB Willie Sanchez
|
0-0: Called Strike 0-1: Called Strike 0-2: Ball 1-2: Ball Passed Ball! Dinand Brouwer to second 2-2: Foul Ball, location: 2F 2-2: SINGLE (Groundball, 56D, EV 101.9 MPH) (infield hit) Dinand Brouwer to third
|
Pitching: RHP Justin Blakely
|
|
Pinch Runner at 1st Alfredo Lemus:
|
|
Batting: RHB Ryan Johnston
|
0-0: Ball 1-0: Ball 2-0: Ball 3-0: Called Strike 3-1: Base on Balls Alfredo Lemus to second
|
Batting: RHB Gabe Ochoa
|
0-0: Called Strike 0-1: Ball 1-1: SINGLE (Groundball, 4MD, EV 97.5 MPH) Dinand Brouwer scores Alfredo Lemus to third Ryan Johnston to second Runner from 3rd tries for Home, throw by CF and OUT! 8-2
|
Top of the 9th over - 3 runs, 5 hits, 0 errors, 2 left on base; Salem-Keizer 10 - Batavia 0 |
BOTTOM OF THE 9TH |
Batavia Muckdogs batting - Pitching for Salem-Keizer Volcanoes : RHP Chase Joy
|
Now at C: Ryan Anderson
|
|
Now in LF: Alfredo Lemus
|
|
Batting: LHB David Doge
|
0-0: Ground out 6-3 (Groundball, P, EV 86.9 MPH)
|
Pitching: RHP Takashi Kino
|
|
Batting: RHB Jim Fisher
|
0-0: Reached on error, E8 (Line Drive, 8LD, EV 103.8 MPH)
|
Batting: RHB Len Graham
|
0-0: Called Strike 0-1: Called Strike 0-2: Ball 1-2: Foul Ball, location: 2F 1-2: Ball 2-2: Foul Ball, location: 2F 2-2: SINGLE (Groundball, 6MD, EV 98.8 MPH) Jim Fisher to third
|
Batting: LHB Ryan Thompson
|
0-0: Grounds into double play, 5-4-3 (Groundball, 6, EV 104.4 MPH)
|
Bottom of the 9th over - 0 runs, 1 hit, 1 error, 1 left on base; Salem-Keizer 10 - Batavia 0 |
|